Map: Ephemeron LE

Players

lwlwllwl

  • Race: Terran Terran
  • League: Diamond
  • Spawn Location: 11:00

Vintage - Winner!

  • Race: Protoss Protoss
  • League: Diamond
  • Spawn Location: 5:00

VOD

Have the link to the VOD?

Description

Scout battle mech, switch to mass gateway units fast expand, and immediately do multipronged warp ins. Works because mech unit count is low to begin and so they can't defend all these areas at once

Time

  • Played on: Feb. 15, 2020, 11:27 a.m.
  • Length: 10:25
Show
View Real Time Build Order
Export as new Build Order

lwlwllwl Terran 

Build Orders: Reaper Expand 

Get SALT Encoding   

  12  0:00  SCV  
  13  0:13  SCV  
  14  0:17  Supply Depot  
  14  0:25  SCV  
  15  0:39  SCV  
  15  0:40  Barracks  
  16  0:45  Refinery  
  16  0:51  SCV  
  17  1:03  SCV  
  17  1:15  SCV  
  18  1:30  Orbital Command, Reaper  
  19  1:50  Command Center  
  19  1:56  SCV  
  20  2:03  Supply Depot  
  20  2:06  Marine  
  21  2:09  SCV  
  22  2:19  Factory  
  22  2:22  SCV  
  23  2:34  SCV  
  24  2:42  Barracks Tech Lab  
  24  2:46  SCV  
  24  2:51  Refinery  
  23  2:58  SCV  
  24  3:10  SCV  
  25  3:12  Orbital Command  
  25  3:15  Cyclone  
  25  3:16  Marine  
  29  3:23  SCV  
  29  3:33  Mag-Field Accelerator  
  28  3:36  Marine  
  28  3:38  SCV  
  28  3:39  SCV  
  30  3:53  SCV  
  30  3:54  Marine  
  30  3:55  Bunker  
  33  3:58  Factory  
  33  4:00  Cyclone  
  36  4:06  SCV x2  
  37  4:21  SCV x2  
  39  4:24  Supply Depot  
  39  4:29  Refinery  
  39  4:31  Factory  
  39  4:33  SCV x2  
  39  4:36  Marine  
  42  4:41  Cyclone  
  42  4:45  SCV  
  46  4:49  SCV  
  47  4:53  Factory Tech Lab  
  47  4:57  SCV  
  48  5:01  Refinery  
  48  5:02  Command Center  
  48  5:07  Engineering Bay  
  48  5:08  SCV  
  48  5:12  Cyclone  
  52  5:15  SCV  
  52  5:16  Factory Reactor  
  54  5:21  SCV  
  54  5:32  Supply Depot  
  54  5:38  Supply Depot  
  54  5:43  Supply Depot  
  54  5:46  Marine, SCV  
  56  5:51  Armory  
  56  5:52  Cyclone  
  62  6:11  Cyclone  
  62  6:12  Widow Mine x2  
  62  6:13  SCV x2  
  68  6:24  Cyclone  
  71  6:26  Factory  
  72  6:32  SCV  
  72  6:33  SCV  
  72  6:36  Widow Mine x2  
  77  6:40  Planetary Fortress  
  77  6:44  SCV  
  78  6:48  SCV  
  79  6:57  SCV  
  77  7:04  Drilling Claws  
  77  7:06  Widow Mine  
  77  7:07  Cyclone x2, Widow Mine  
  87  7:17  SCV  
  87  7:20  Factory Tech Lab  
  87  7:22  Command Center  
  89  7:24  Factory  
  89  7:25  SCV  
  89  7:26  SCV  
  86  7:39  SCV x2  
  80  7:57  SCV x3  
  66  8:19  Cyclone x3  
  73  8:48  SCV x3  
  76  8:51  Cyclone  
  79  8:59  Cyclone x2, Widow Mine x2  
  89  9:06  SCV x3  
  92  9:17  Factory Tech Lab  
  92  9:18  Factory  
  92  9:19  SCV  
  92  9:20  Factory  
  92  9:21  Refinery  
  92  9:22  Missile Turret, Refinery  
  93  9:30  Cyclone, SCV  
  79  9:49  Cyclone  
  79  9:50  Cyclone x2  
Show
View Real Time Build Order
Export as new Build Order

Vintage Protoss - Winner!

Build Orders: 1 Gate Expand 

Get SALT Encoding   

  12  0:01  Probe  
  13  0:13  Probe  
  14  0:21  Pylon  
  14  0:25  Probe  
  15  0:39  Probe  
  15  0:42  Gateway  
  16  0:49  Assimilator  
  16  0:51  Probe (Chrono Boost)  
  17  1:01  Probe (Chrono Boost)  
  18  1:06  Probe (Chrono Boost)  
  19  1:17  Probe  
  20  1:29  Probe  
  21  1:34  Nexus  
  21  1:46  Cybernetics Core  
  21  1:51  Assimilator  
  21  1:58  Probe  
  21  1:59  Pylon  
  22  2:10  Probe  
  23  2:20  Stalker (Chrono Boost)  
  25  2:25  Warp Gate  
  25  2:33  Probe  
  25  2:59  Probe  
  28  3:05  Sentry  
  28  3:07  Probe (Chrono Boost)  
  28  3:12  Probe (Chrono Boost)  
  30  3:19  Probe (Chrono Boost)  
  31  3:22  Robotics Facility, Probe (Chrono Boost)  
  31  3:24  Probe (Chrono Boost)  
  33  3:31  Probe  
  34  3:36  Probe  
  35  3:43  Probe (Chrono Boost)  
  35  3:47  Twilight Council  
  36  3:49  Probe (Chrono Boost)  
  38  3:55  Probe (Chrono Boost)  
  38  3:59  Probe (Chrono Boost)  
  38  4:01  Probe (Chrono Boost)  
  40  4:03  Probe (Chrono Boost), Shield Battery  
  40  4:09  Pylon  
  41  4:10  Probe  
  41  4:15  Probe  
  43  4:20  Blink (Chrono Boost)  
  43  4:22  Probe  
  44  4:26  Observer  
  44  4:27  Probe  
  46  4:31  Nexus  
  46  4:33  Gateway  
  46  4:34  Pylon, Probe  
  46  4:35  Gateway  
  47  4:51  Pylon  
  47  4:56  Warp Prism  
  49  5:00  Assimilator  
  49  5:10  Stalker  
  51  5:16  Probe  
  51  5:19  Shield Battery  
  51  5:20  Shield Battery  
  52  5:25  Shield Battery  
  52  5:26  Probe  
  52  5:27  Shield Battery  
  53  5:34  Gateway  
  53  5:37  Pylon  
  53  5:41  Stalker x2  
  53  5:42  Stalker  
  59  5:46  Probe  
  60  5:50  Probe x2  
  60  5:53  Observer  
  63  5:57  Charge (Chrono Boost)  
  61  6:10  Zealot x2  
  63  6:15  Probe x2 (Chrono Boost)  
  66  6:19  Probe (Chrono Boost)  
  66  6:25  Probe x2 (Chrono Boost)  
  68  6:28  Gateway, Probe (Chrono Boost)  
  68  6:30  Gateway, Probe x2 (Chrono Boost)  
  68  6:32  Gateway  
  71  6:33  Gateway  
  71  6:36  Gateway  
  71  6:37  Observer  
  71  6:38  Gateway, Probe  
  72  6:41  Probe x2  
  72  6:42  Pylon  
  72  6:43  Zealot  
  72  6:45  Sentry x2  
  72  6:46  Sentry  
  82  6:51  Probe  
  82  6:53  Probe x2  
  83  7:05  Shield Battery  
  83  7:18  Zealot  
  83  7:19  Zealot x2  
  89  7:27  Pylon  
  89  7:28  Pylon  
  83  7:30  Pylon  
  83  7:32  Pylon  
  75  7:37  Zealot x3  
  75  7:38  Zealot x4  
  85  7:51  Zealot x3  
  87  7:58  Zealot x3  
  91  7:59  Zealot  
  77  8:15  Zealot x3  
  77  8:16  Zealot x3  
  73  8:30  Nexus  
  73  8:32  Warp Prism (Chrono Boost)  
  71  8:37  Stalker x2  
  71  8:38  Stalker x7  
  71  8:39  Stalker  
  91  8:47  Probe  
  91  8:48  Pylon, Probe x2  
  94  8:56  Pylon  
  94  8:59  Probe  
  94  9:00  Probe x2  
  94  9:02  Stalker x3  
  103  9:03  Stalker  
  103  9:04  Stalker x3  
  111  9:12  Probe x2  
  84  9:47  Zealot x5  
  84  9:48  Zealot x2  
  94  10:04  Stalker x3  
  92  10:08  Zealot x4  
  92  10:09  Zealot  
  92  10:10  Zealot x2  
Tags
 
Add a new tag
Caveats
  • Supply blocks, unpowered buildings, or Contaminate may cause inaccurate times.
  • Supply counts are checked every 10 seconds.